 Dungeon Crawl Stone Soup version 0.23-a0-29-g1be82e5 (webtiles) character file.

78 asd12 the Sneak (level 4, -1/33 HPs)
             Began as a Demonspawn Assassin on Aug 3, 2018.
             Slain by an adder (4 damage)
             ... on level 3 of the Dungeon.
             The game lasted 00:01:31 (1775 turns).

asd12 the Sneak (Demonspawn Assassin)               Turns: 1775, Time: 00:01:31

Health: -1/33      AC:  3    Str: 11    XL:     4   Next: 15%
Magic:  4/4        EV: 12    Int: 12    God:
Gold:   44         SH:  0    Dex: 16    Spells: 3/3 levels left

rFire    + . .     SeeInvis .   a - +2 dagger
rCold    . . .     Gourm    .   (no shield)
rNeg     . . .     Faith    .   c - +0 robe
rPois    .         Spirit   .   (no helmet)
rElec    .         Reflect  .   d - +0 cloak
rCorr    .         Harm     .   (no gloves)
MR       .....                  (no boots)
Stlth    +.........             (no amulet)
HPRegen  0.11/turn              (no ring)
MPRegen  0.09/turn              (no ring)

@: confused
A: talons 1, fire resistance 1
a: no special abilities


You were on level 3 of the Dungeon.
You were hungry.

You visited 1 branch of the dungeon, and saw 3 of its levels.

You collected 44 gold pieces.

Inventory:

Hand Weapons
 a - a +2 dagger (weapon)
 b - a +0 blowgun
Missiles
 e - 8 poisoned needles
 f - 2 curare-tipped needles
Armour
 c - a +0 robe (worn)
 d - a +0 cloak (worn)
Jewellery
 t - an uncursed ring of wizardry {unknown}
Scrolls
 i - 5 scrolls of identify {unknown}
 l - 2 scrolls of remove curse {unknown}
 n - a scroll of enchant weapon {unknown}
 q - a scroll of teleportation {unknown}
 r - a scroll of random uselessness {unknown}
 s - a scroll of fog {unknown}
Potions
 h - a potion of flight {unknown}
 j - a potion of mutation {unknown}
 k - a potion of lignification {unknown}
 m - a potion of curing {unknown}
 o - a potion of berserk rage {unknown}
 p - a potion of magic {unknown}
Comestibles
 g - 5 rations


   Skills:
 + Level 2.2 Fighting
 + Level 2.7 Short Blades
 + Level 1.7 Throwing
 + Level 0.9 Dodging
 + Level 4.7 Stealth


You had 3 spell levels left.
You didn't know any spells.
Your spell library was empty.

Dungeon Overview and Level Annotations

Branches:
Dungeon (3/15)

Altars:


Innate Abilities, Weirdness & Mutations

You have sharp toenails.
Your flesh is heat resistant. (rF+)


Message History

The dart slug is moderately wounded.
The dart slug closely misses you.
You hit the dart slug.
The dart slug is heavily wounded.
The orc wizard hits you with a dagger. The dart slug launches a dart at you.
The slug dart hits you!
The orc wizard points at you and mumbles some strange words.
You are confused.
The dart slug launches a dart at you. The slug dart hits you!
The orc hits you with a hand axe.
You bump into the rock wall.
The adder bites you. The orc misses you. The orc misses you.
You bump into the rock wall.
The adder bites you. The adder misses you.
You hit the orc but do no damage. You claw the orc.
The orc is almost dead.
The orc hits you with a short sword!
* * * LOW HITPOINT WARNING * * *
The adder bites you.
You die...

# .# ##.##
....##
#####.#.#.##
#o$.........
#.###S#.....#...
#....@oo.....#
#####o#w....##
#.#.....#
#.###......
#########.#
.####.#
#.........# .. #
#.######### ...
#.# ...# ###)#
..


You could see an orc wizard, an adder, a dart slug and 3 orcs.

Vanquished Creatures
  2 adders
  2 oozes
  A worm (D:3)
  2 leopard geckos
  5 bats
  2 giant cockroaches
  5 goblins
  8 hobgoblins
  4 jackals (D:2)
  5 kobolds
  A frilled lizard (D:2)
  5 rats
42 creatures vanquished.

Notes
Turn   | Place    | Note
-------+----------+-------------------------------------------
     0 | D:1      | asd12 the Demonspawn Assassin began the quest for the Orb.
     0 | D:1      | Reached XP level 1. HP: 16/16 MP: 1/1
   309 | D:1      | Gained mutation: You have sharp toenails. [demonic ancestry]
   309 | D:1      | Reached XP level 2. HP: 21/22 MP: 2/2
   593 | D:2      | Reached skill level 4 in Stealth
   866 | D:2      | Reached XP level 3. HP: 14/27 MP: 3/3
  1711 | D:3      | Gained mutation: Your flesh is heat resistant. (rF+) [demonic ancestry]
  1711 | D:3      | Reached XP level 4. HP: 33/33 MP: 4/4
  1775 | D:3      | Slain by an adder

Vault maps used:
D:1:      nzn_arrival_crosshair
D:3:      uniq_robin

Skill      XL: |  1  2 |
---------------+-------+-----
Short Blades   | 2 |  2.7
Stealth        | 4 |  4.7
Fighting       | |  2.2
Throwing       | |  1.7
Dodging        | |  0.9

Action                   |  1- 3 |  4- 6 || total
-------------------------+-------+-------++-------
Melee: Dagger            |    89 |    10 ||    99
       Kick              |     8 |     1 ||     9
 Stab: Sleeping          |    12 |     5 ||    17
       Distracted        |     1 |       ||     1
  Eat: Chunk             |     2 |       ||     2
Armor: Robe              |    14 |     2 ||    16
Dodge: Dodged            |    46 |     5 ||    51

Table legend:
 A = Spawn XP
 B = Non-spawn XP
 C = Spawn XP percentage of total XP
 D = Spawn monster count
 E = Non-spawn monster count
 F = Spawn count percentage of total count
 G = Total turns spent on level
                    A         B        C        D         E        F      G
               +---------+---------+-------+---------+---------+-------+---------
         Total |       0 |     112 |   0.0 |       0 |      42 |   0.0 |  1775
               +---------+---------+-------+---------+---------+-------+---------
           D:1 |       0 |      15 |   0.0 |       0 |       7 |   0.0 |   586
           D:2 |       0 |      56 |   0.0 |       0 |      24 |   0.0 |  1056
           D:3 |       0 |      41 |   0.0 |       0 |      11 |   0.0 |   133
               +---------+---------+-------+---------+---------+-------+---------
